 Dungeon Crawl Stone Soup version 0.21.1-1-g345015f (webtiles) character file.

20426 shakethe the Severer (level 12, -6/114 HPs)
             Began as a Deep Dwarf Fighter on Feb 17, 2018.
             Was a Priest of Makhleb.
             Mangled by Snorg (14 damage)
             ... on level 13 of the Dungeon.
             The game lasted 00:26:07 (10921 turns).

shakethe the Severer (Deep Dwarf Fighter)          Turns: 10921, Time: 00:26:08

Health: -6/114     AC: 17    Str: 24    XL:     12   Next: 45%
Magic:  1/2        EV:  6    Int: 10    God:    Makhleb [***...]
Gold:   678        SH:  9    Dex: 12    Spells: 9/11 levels left

rFire    . . .     SeeInvis +   a - +0 war axe
rCold    . . .     Gourm    +   c - +0 shield
rNeg     . . .     Faith    .   D - +3 chain mail {rPois}
rPois    +         Spirit   .   (no helmet)
rElec    .         Reflect  .   t - +0 cloak
rCorr    .         Harm     .   z - +0 pair of gloves
MR       +....                  (no boots)
Stlth    ..........             k - amulet of the gourmand {Gourm, !d}
HPRegen  0.00/turn              A - ring of see invisible {sInv, !d}
MPRegen  0.08/turn              (no ring)

@: non-regenerating
A: damage resistance, heal wounds, sense surroundings 2, no regeneration
a: Heal Wounds, Minor Destruction, Lesser Servant of Makhleb, Renounce Religion


You were on level 13 of the Dungeon.
You worshipped Makhleb.
Makhleb was most pleased with you.
You were full.

You visited 2 branches of the dungeon, and saw 14 of its levels.

You collected 678 gold pieces.

Inventory:

Hand Weapons
 a - a +0 war axe (weapon)
 l - a +0 hand axe of venom
   (You found it on level 1 of the Dungeon)
 U - a +0 great mace
   (You found it on level 12 of the Dungeon)
Armour
 b - a +0 scale mail
 c - a +0 shield (worn)
 t - a +0 cloak (worn)
   (You found it on level 3 of the Dungeon)
 z - a +0 pair of gloves (worn)
   (You found it on level 5 of the Dungeon)
 D - a +3 chain mail of poison resistance (worn)
   (You took it off Edmund on level 6 of the Dungeon)
 J - a +1 ring mail of poison resistance
   (You found it on level 9 of the Dungeon)
 R - the cursed +0 plate armour of Subjectivity {rF+ Str+2, unknown}
   (You found it on level 10 of the Dungeon)

   It affects your strength (+2).
   It protects you from fire.
   It has a curse placed upon it.
Magical Staves
 T - an uncursed staff of death {unknown}
   (You found it on level 11 of the Dungeon)
Jewellery
 k - an amulet of the gourmand (around neck) {Gourm, !d}
   (You found it on level 1 of the Dungeon)
 A - a ring of see invisible (left hand) {sInv, !d}
   (You found it on level 6 of the Dungeon)
 G - a +5 ring of evasion {unknown}
   (You found it on level 6 of the Dungeon)
 N - an uncursed amulet of faith {unknown}
   (You found it on level 10 of the Dungeon)
 S - a +3 ring of dexterity {unknown}
   (You found it on level 11 of the Dungeon)
 W - an uncursed ring of flight {unknown}
   (You found it on level 12 of the Dungeon)
Wands
 x - a wand of polymorph (8)
   (You took it off Ijyb on level 5 of the Dungeon)
 C - a wand of digging (11)
   (You took it off Edmund on level 6 of the Dungeon)
 M - a wand of random effects (34)
   (You found it on level 10 of the Dungeon)
 P - a wand of paralysis (12)
   (You took it off Maurice on level 13 of the Dungeon)
 X - a wand of enslavement (9)
   (You found it on level 12 of the Dungeon)
Scrolls
 e - 5 scrolls of enchant weapon {unknown}
 g - 8 scrolls of identify {unknown}
 h - 4 scrolls of fog {unknown}
 i - a scroll of amnesia {unknown}
 n - 4 scrolls of teleportation {unknown}
 o - 6 scrolls of fear {unknown}
 r - 6 scrolls of magic mapping {unknown}
 s - 3 scrolls of enchant armour {unknown}
 v - 2 scrolls of blinking {unknown}
 w - 3 scrolls of noise {unknown}
 B - 5 scrolls of remove curse {unknown}
 O - a scroll of immolation {unknown}
 Q - 2 scrolls of random uselessness {unknown}
Potions
 d - a potion of might
 j - 2 potions of curing
 m - 3 potions of haste {unknown}
 p - 2 potions of invisibility {unknown}
 q - a potion of berserk rage {unknown}
 u - 2 potions of agility {unknown}
 E - a potion of flight {unknown}
 F - a potion of ambrosia {unknown}
 H - a potion of heal wounds {unknown}
 I - a potion of cancellation {unknown}
 K - a potion of brilliance {unknown}
 Y - a potion of experience {unknown}
Books
 y - a book of Minor Magic
   (You found it on level 5 of the Dungeon)
 L - a book of Flames
   (You found it on level 9 of the Dungeon)
Miscellaneous
 V - a sack of spiders
Comestibles
 f - 29 rations
 Z - 2 chunks of flesh {@w0}


   Skills:
 + Level 9.0 Fighting
 * Level 16.3 Axes
 + Level 10.6 Armour
 - Level 3.2 Shields
 + Level 5.5 Evocations


You had 9 spell levels left.
You knew the following spells:

 Your Spells              Type           Power        Failure   Level  Hunger
b - Blink                 Tloc           N/A          100%        2    ###....


Dungeon Overview and Level Annotations

Branches:
Dungeon (13/15)            Temple (1/1) D:6            Lair (0/6) D:8
    Orc (0/2) D:12
 Vaults: D:13-14

Altars:
Ashenzari
Cheibriados
Dithmenos
Elyvilon
Fedhas
Gozag
Hepliaklqana
Kikubaaqudgha
Makhleb
Nemelex Xobeh
Okawaru
Qazlal
Ru
Sif Muna
Trog
Uskayaw
Vehumet
Wu Jian
Xom
Yredelemnul
Zin
The Shining One

Shops:
D:4 *

Annotations:
D:10 exclusion: obsidian statue
D:13 Snorg


Innate Abilities, Weirdness & Mutations

You are resistant to damage.
You can heal yourself by infusing magical energy.
You passively map the area around you.
You do not regenerate.


Message History

Your shield and chain mail prevent you from hitting the hog.
The hog bites you but does no damage. The hog closely misses you.
Kirke hits you!
You take 9 damage, and have 55/112 hp.
You slash Kirke! You slice the hog!! You block the hog's attack.
Your chain mail prevents you from hitting Kirke.
You slash the hog! You closely miss the hog. Kirke hits you but does no damage.
The hog bites you.
You take 2 damage, and have 53/112 hp.
You completely miss Kirke. You hit the hog. You slash the hog!
The hog bites you but does no damage. The hog bites you!
Kirke casts a spell at you. You resist with some effort.
You take 3 damage, and have 50/112 hp.
You hit Kirke. You completely miss the hog. You hit the hog.
You block the hog's attack. x2; Kirke hits you!
Snorg the Insatiable comes into view.
You take 2 damage, and have 48/112 hp.
You barely miss Kirke. You closely miss the hog.
Snorg shouts!
You hit the hog. You closely miss the hog. You block the hog's attack.
The hog completely misses you. The hog bites you.
You take 2 damage, and have 46/112 hp.
You hit Kirke. You slash the hog!
You kill the hog!
Makhleb accepts your kill.
You barely miss the hog. You closely miss the hog.
Your shield and chain mail prevent you from hitting the hog.
You block the hog's attack.
Kirke gestures wildly while chanting.
Kirke summons a manticore!
The hog bites you but does no damage. You block the hog's attack.
You slash Kirke! You slash the hog! You barely miss the hog. You hit the hog.
You block the hog's attack. Kirke casts a spell at you.
You resist with some effort. The hog bites you but does no damage.
The hog bites you.
You hit Kirke. You slash the hog!
Your shield and chain mail prevent you from hitting the hog. x2
You block the hog's attack. Kirke hits you.
The hog bites you but does no damage. The hog closely misses you.
You barely miss Kirke. You hit the hog. You barely miss the hog.
You hit the hog but do no damage. You block the hog's attack.
The hog bites you but does no damage. Kirke hits you!
The hog barely misses you.
You take 10 damage, and have 36/112 hp.
You slash Kirke! You slash the hog! You closely miss the hog. x2
The hog bites you.
Snorg goes berserk!
You block the hog's attack.
You slash Kirke!
You kill Kirke!
Makhleb accepts your kill.
The manticore disappears in a puff of smoke! x2
Your Fighting skill increases to level 9!
You slash the hog!
You kill the hog!
Makhleb accepts your kill.
You feel better.
No longer under Kirke's spell, the hogs return to their human forms!
Snorg bites the human.
Snorg barely misses the human.
Snorg claws the human!
The human dies!
You regained 12 hp, and now have 48/114 hp.
You block the vault guard's attack. Snorg bites you!!
* * * LOW HITPOINT WARNING * * *
Snorg claws you but does no damage. Snorg barely misses you.
Snorg closely misses you. Snorg claws you but does no damage.
You block Snorg's attack.
You take 18 damage, and have 30/114 hp.
A vault guard comes into view. It is wielding a great mace.
Snorg bites you. You block Snorg's attack. Snorg claws you.
* * * LOW HITPOINT WARNING * * *
You take 3 damage, and have 27/114 hp.
Snorg rages.
You hear a shout!
A necrophage comes into view.
You hear a shout!
Snorg bites you!!
* * * LOW HITPOINT WARNING * * *
You block Snorg's attack. x2; The vault guard barely misses you.
You take 20 damage, and have 7/114 hp.
You feel much better. Snorg bites you!
* * * LOW HITPOINT WARNING * * *
Snorg closely misses you. You block Snorg's attack.
The human closely misses the vault guard.
The vault guard hits you with a long sword!
* * * LOW HITPOINT WARNING * * *
The necrophage barely misses the human.
A vault guard comes into view. It is wielding an enchanted long sword.
You regained 4 hp, and now have 11/114 hp.
You feel much better. You block Snorg's attack. Snorg claws you!
* * * LOW HITPOINT WARNING * * *
Snorg claws you!
* * * LOW HITPOINT WARNING * * *
The human hits the necrophage.
The vault guard hits you with a great mace!
* * * LOW HITPOINT WARNING * * *
Snorg bites you but does no damage. Snorg claws you!
You die...

...#.#....................##
.....#.)..........h....†..#
..........<......#h..).####**.#
.....#..............##)#####..#
.....#....#)#.########)(.....#
..........#...# #.(.....#
....#.##......# #......## ...
#.....#..#########......# .
........p..p@T.......$..#
.......?p..##pp......$...#
............#n............# , ,
.##.....................#
....[..................# *
*....h##.>..##...######.## *
.##.. ##....#.#.# .# ** , #.#
..##.#.#.. # * , ,..## **,* *


You could see Snorg (berserk), 4 vault guards, a necrophage and a neutral human
(wandering).

Vanquished Creatures
  Kirke (D:13)
  Josephine (D:13)
  A vault guard (D:13)
  The ghost of sankara the Carver, a journeyman HaFi of Uskayaw (D:9)
  3 two-headed ogres
  A tengu warrior (D:11)
  Urug (D:13)
  An unseen horror (D:10)
  The ghost of p0werm0de the Cleaver, a novice GrCK of Xom (D:8)
  A deep elf mage (D:13)
  2 cyclopes (D:11)
  Maurice (D:13)
  A kobold demonologist (D:11)
  A tengu conjurer (D:11)
  Grinder (D:6)
  Prince Ribbit (D:6)
  2 trolls
  A hippogriff (D:13)
  A vampire (D:11)
  A spriggan (D:7)
  6 wraiths
  Eustachio (D:6)
  The ghost of buskinjo the Chopper, an amateur DrSk (D:4)
  4 humans (D:6)
  22 yaks
  5 hogs (D:13)
  Edmund (D:6)
  2 water moccasins
  2 orc warriors
  An ice beast (D:12)
  A hornet zombie (D:8)
  5 ogres
  3 phantoms
  2 black bears
  2 centaurs
  A crocodile (D:13)
  5 bullfrogs
  4 scorpions
  A wyvern skeleton (D:12)
  5 wights (D:13)
  A howler monkey (D:12)
  4 crimson imps
  2 bullfrog zombies
  5 hounds
  2 centaur skeletons
  3 jellies
  3 orc priests
  3 iguanas
  Ijyb (D:5)
  7 orc wizards
  4 worker ants
  A worker ant zombie (D:7)
  A howler monkey zombie (D:10)
  5 gnolls
  2 howler monkey skeletons
  13 adders
  3 shadow imps
  2 oozes
  2 adder skeletons
  4 worms
  3 dart slugs
  4 leopard geckos
  28 orcs
  2 ball pythons
  8 giant cockroaches
  8 goblins
  6 hobgoblins
  11 jackals
  7 quokkas
  9 bats
  5 frilled lizards
  A jackal zombie (D:5)
  6 kobolds
  2 leopard gecko skeletons
  A leopard gecko zombie (D:8)
  2 quokka skeletons
  5 rats
274 creatures vanquished.

Vanquished Creatures (others)
  A human (D:13)
1 creature vanquished.

Grand Total: 275 creatures vanquished

Notes
Turn   | Place    | Note
-------+----------+-------------------------------------------
     0 | D:1      | shakethe the Deep Dwarf Fighter began the quest for the Orb.
     0 | D:1      | Reached XP level 1. HP: 20/20 MP: 1/1
    87 | D:1      | Reached skill level 3 in Axes
   110 | D:1      | Reached XP level 2. HP: 21/27 MP: 2/2
   224 | D:1      | Reached skill level 4 in Axes
   224 | D:1      | Reached XP level 3. HP: 19/33 MP: 3/3
  1339 | D:2      | Reached XP level 4. HP: 20/40 MP: 4/4
  1456 | D:2      | Reached skill level 5 in Axes
  1558 | D:2      | HP: 9/40 [hobgoblin (3)]
  2078 | D:3      | Found a faded altar of an unknown god.
  2515 | D:4      | Noticed buskinjo's ghost (amateur DrSk)
  2529 | D:4      | Killed buskinjo's ghost
  2529 | D:4      | Reached skill level 7 in Axes
  2529 | D:4      | Reached XP level 5. HP: 30/46 MP: 4/4
  2529 | D:4      | Reached XP level 6. HP: 36/55 MP: 5/5
  2678 | D:4      | Found a shimmering altar of Xom.
  2775 | D:4      | Found Gozag's Platinum Reserve.
  2776 | D:4      | Found an opulent altar of Gozag.
  2978 | D:4      | Reached skill level 8 in Axes
  3263 | D:5      | Entered Level 5 of the Dungeon
  3297 | D:5      | Reached XP level 7. HP: 41/61 MP: 6/6
  3351 | D:5      | Noticed Ijyb
  3361 | D:5      | Killed Ijyb
  3533 | D:5      | Reached skill level 9 in Axes
  3617 | D:5      | HP: 14/61 [orc priest/divine providence (12)]
  3746 | D:5      | Learned a level 2 spell: Blink
  3991 | D:6      | Reached skill level 10 in Axes
  4031 | D:6      | Reached XP level 8. HP: 27/68 MP: 6/6
  4035 | D:6      | HP: 5/68 [orc warrior/glaive (15)]
  4050 | D:6      | Reached skill level 3 in Fighting
  4106 | D:6      | Noticed Prince Ribbit
  4109 | D:6      | Found a blossoming altar of Fedhas.
  4131 | D:6      | HP: 17/69 [Prince Ribbit (9)]
  4138 | D:6      | HP: 17/69 [Prince Ribbit (5)]
  4177 | D:6      | Found a staircase to the Ecumenical Temple.
  4190 | Temple   | Entered the Ecumenical Temple
  4483 | D:6      | Reached skill level 4 in Armour
  4504 | D:6      | Reached skill level 11 in Axes
  4565 | D:6      | Reached skill level 4 in Fighting
  4565 | D:6      | Reached skill level 5 in Armour
  4590 | D:6      | Noticed Edmund
  4607 | D:6      | Killed Edmund
  4753 | D:6      | HP: 17/72 [Prince Ribbit (9)]
  4776 | D:6      | HP: 18/72 [Prince Ribbit (10)]
  4815 | D:6      | Killed Prince Ribbit
  4815 | D:6      | Gained mutation: You passively map the area around you. [Deep Dwarf growth]
  4815 | D:6      | Reached XP level 9. HP: 41/79 MP: 4/4
  5129 | D:6      | Noticed Eustachio
  5129 | D:6      | Noticed Grinder
  5132 | D:6      | Paralysed by Grinder for 6 turns
  5169 | D:6      | Killed Eustachio
  5182 | D:6      | Paralysed by Grinder for 6 turns
  5188 | D:6      | Killed Grinder
  5188 | D:6      | Reached skill level 12 in Axes
  5599 | D:7      | Reached skill level 6 in Armour
  5703 | D:7      | Reached skill level 5 in Fighting
  6028 | D:7      | Found a stormy altar of Qazlal.
  6488 | D:8      | Found a burning altar of Makhleb.
  6757 | D:8      | Became a worshipper of Makhleb the Destroyer
  6844 | D:8      | Found a staircase to the Lair.
  7036 | D:8      | Noticed p0werm0de's ghost (novice GrCK)
  7056 | D:8      | Killed p0werm0de's ghost
  7056 | D:8      | Reached skill level 13 in Axes
  7056 | D:8      | Reached skill level 7 in Armour
  7056 | D:8      | Reached XP level 10. HP: 42/91 MP: 4/4
  7543 | D:9      | Found an opulent altar of Gozag.
  7566 | D:9      | Noticed sankara's ghost (journeyman HaFi)
  7607 | D:9      | Reached skill level 6 in Fighting
  7657 | D:9      | Killed sankara's ghost
  7678 | D:9      | Found a deep blue altar of Sif Muna.
  7896 | D:9      | Found a glowing golden altar of the Shining One.
  7946 | D:9      | Reached * piety under Makhleb
  8229 | D:10     | Entered Level 10 of the Dungeon
  8242 | D:9      | Reached skill level 8 in Armour
  8258 | D:10     | HP: 23/92 [yak (5)]
  8265 | D:9      | HP: 18/92 [yak (7)]
  8266 | D:9      | HP: 7/92 [yak (3)]
  8273 | D:9      | Reached skill level 14 in Axes
  8275 | D:9      | HP: 17/92 [yak (8)]
  8320 | D:10     | Reached skill level 7 in Fighting
  8338 | D:10     | Noticed an obsidian statue
  8681 | D:10     | Got a faintly glowing plate armour
  8765 | D:10     | Noticed an unseen horror
  8791 | D:10     | Killed an unseen horror
  8791 | D:10     | Reached XP level 11. HP: 69/100 MP: 4/4
  9072 | D:11     | HP: 24/100 [vampire (2)]
  9074 | D:11     | HP: 10/100 [vampire/vampiric draining (14)]
  9198 | D:11     | Reached skill level 9 in Armour
  9428 | D:11     | Found a shimmering altar of Xom.
  9428 | D:11     | Found a shimmering altar of Xom.
  9428 | D:11     | Found a shimmering altar of Xom.
  9442 | D:11     | Found a shimmering altar of Xom.
  9443 | D:11     | Found a shimmering altar of Xom.
  9443 | D:11     | Found a shimmering altar of Xom.
  9443 | D:11     | Found a shimmering altar of Xom.
  9444 | D:11     | Found a shimmering altar of Xom.
  9444 | D:11     | Found a shimmering altar of Xom.
  9444 | D:11     | Found a shimmering altar of Xom.
  9527 | D:11     | Noticed a tengu warrior
  9546 | D:11     | Reached ** piety under Makhleb
  9571 | D:11     | Killed a tengu warrior
  9571 | D:11     | Reached skill level 15 in Axes
  9725 | D:11     | HP: 25/103 [cyclops (11)]
  9730 | D:11     | HP: 21/103 [cyclops (13)]
  9741 | D:11     | Reached skill level 8 in Fighting
  9915 | D:12     | Noticed a two-headed ogre
  9922 | D:12     | Killed a two-headed ogre
  9922 | D:12     | Reached skill level 1 in Evocations
 10010 | D:12     | Found a staircase to the Orcish Mines.
 10594 | D:13     | Noticed Maurice
 10604 | D:13     | Killed Maurice
 10604 | D:13     | Reached skill level 2 in Evocations
 10618 | D:13     | Noticed a deep elf mage
 10634 | D:13     | Killed a deep elf mage
 10650 | D:13     | Noticed a two-headed ogre
 10671 | D:13     | HP: 23/103 [two-headed ogre/giant club (9)]
 10672 | D:13     | Killed a two-headed ogre
 10672 | D:13     | Reached skill level 10 in Armour
 10672 | D:13     | Reached skill level 3 in Evocations
 10715 | D:13     | Noticed a two-headed ogre
 10719 | D:13     | Noticed Josephine
 10727 | D:13     | Killed Josephine
 10727 | D:13     | Reached XP level 12. HP: 86/112 MP: 1/1
 10751 | D:13     | Reached skill level 4 in Evocations
 10772 | D:13     | Killed a two-headed ogre
 10781 | D:13     | Reached skill level 16 in Axes
 10785 | D:13     | Reached *** piety under Makhleb
 10789 | D:13     | Noticed Urug
 10793 | D:13     | Noticed Kirke
 10816 | D:13     | Killed Urug
 10821 | D:13     | Noticed a vault guard
 10843 | D:13     | HP: 26/112 [vault guard/great mace (10)]
 10866 | D:13     | HP: 23/112 [vault guard/great mace (7)]
 10867 | D:13     | HP: 11/112 [vault guard/great mace (12)]
 10870 | D:13     | Killed a vault guard
 10871 | D:13     | Noticed a vault guard
 10881 | D:13     | Noticed a vault guard
 10900 | D:13     | Reached skill level 5 in Evocations
 10907 | D:13     | Noticed Snorg
 10913 | D:13     | Killed Kirke
 10913 | D:13     | Reached skill level 9 in Fighting
 10917 | D:13     | Noticed a vault guard
 10917 | D:13     | HP: 27/114 [Snorg (3)]
 10919 | D:13     | HP: 7/114 [Snorg (20)]
 10921 | D:13     | Noticed a vault guard
 10921 | D:13     | Mangled by Snorg

Skill      XL: |  1  2  3  4  5  6  7  8  9 10 11 12 |
---------------+-------------------------------------+-----
Axes           | 3 4 7 8 10 11 13 14 15 16 | 16.3
Fighting       | 4 5 7 8 9 |  9.0
Armour         | 5 7 8 10 | 10.6
Evocations     | 3 5 |  5.5
Shields        | |  3.2

Action                   |  1- 3 |  4- 6 |  7- 9 | 10-12 || total
-------------------------+-------+-------+-------+-------++-------
Melee: War axe           |   119 |   204 |   536 |   660 ||  1519
 Abil: Heal Wounds       |       |     3 |    22 |    32 ||    57
Evoke: Wand              |       |       |     1 |       ||     1
  Eat: Chunk             |     1 |    16 |    11 |    16 ||    44
Armor: Scale mail        |    74 |    81 |    77 |       ||   232
       Chain mail        |       |       |   127 |   348 ||   475
Dodge: Dodged            |    43 |    53 |   107 |   151 ||   354
Block: Shield            |    68 |    84 |   201 |   316 ||   669

Vault maps used:
D:1:      kennysheep_arrival_forest
D:3:      chequers_ecumenical_altar_island, first_ration
D:4:      kennysheep_mini_moat, nicolae_gozag_zags_fifth_avenue
D:5:      cheibrodos_two_vegetables, uniq_ijyb
D:6:      fedhas_altar_3, minmay_temple_entry_glass,
          hangedman_decor_clover_reticule, minmay_ruffians, uniq_eustachio,
          uniq_prince_ribbit1, uniq_grinder, uniq_edmund
D:7:      the_bakery, minmay_misc_feat_five, kennysheep_diamond
D:8:      nicolae_overflow_hidden_temple, lair_entry_dummy, st_stairs_7,
          kennysheep_pointless_box, minmay_misc_feat_x
D:9:      overflow_temple_1_default, grunt_temple_overflow_open
D:10:     minivault_16, st_stairs_6
D:11:     grunt_ministairs_4, kennysheep_big_empty_room, hex_intersection,
          xom_shifter_show
D:12:     orc_0_dummy
D:13:     erik_vaults_2, uniq_josephine, uniq_snorg, uniq_kirke, uniq_maurice,
          uniq_urug
Temple:   eino_temple_scatter_basement

Table legend:
 A = Turns spent in this place as a percentage of turns spent in the entire game.
 B = Non-inter-level travel turns spent in this place as a percentage of non-inter-level travel turns spent in the entire game.
 C = Inter-level travel turns spent in this place as a percentage of turns spent in this place.
 D = Turns resting spent in this place as a percentage of non-inter-level travel turns spent in this place.
 E = Turns spent auto-exploring this place as a percentage of non-inter-level travel turns spent in this place.
 F = Non-inter-level travel turns spent in this place divided by the number of levels of this place that you've seen.
                   A       B       C       D       E      F
               +-------+-------+-------+-------+-------+----------------------
         Total | 100.0 | 100.0 |   1.8 |   0.9 |  58.2 | 765.9
       Dungeon |  97.8 |  97.7 |   1.9 |   1.0 |  58.0 | 806.2
        Temple |   2.2 |   2.3 |   0.0 |   0.0 |  64.2 | 243.0
               +-------+-------+-------+-------+-------+----------------------

Table legend:
 A = Kills in this place as a percentage of kills in entire the game.
 B = Kills by you in this place as a percentage of kills by you in the entire game.
 C = Kills by friends in this place as a percentage of kills by friends in the entire game.
 D = Other kills in this place as a percentage of other kills in the entire game.
 E = Experience gained in this place as a percentage of experience gained in the entire game.
 F = Experience gained in this place divided by the number of levels of this place that you have seen.
                   A       B       C       D       E      F
               +-------+-------+-------+-------+-------+----------------------
         Total | 100.0 | 100.0 |   N/A |   N/A | 100.0 | 2084.3
       Dungeon | 100.0 | 100.0 |   N/A |   N/A | 100.0 | 2244.6
               +-------+-------+-------+-------+-------+----------------------
